 Dungeon Crawl Stone Soup version 0.18-a0-867-gfd1cc8f (webtiles) character file.

611 root the Conjurer (level 7, 0/45 HPs)
             Began as an Octopode Conjurer on Dec 21, 2015.
             Slain by Grinder (3 damage)
             ... while paralysed by Grinder
             ... on level 4 of the Dungeon.
             The game lasted 00:35:40 (5523 turns).

root the Conjurer (Octopode Conjurer)               Turns: 5523, Time: 00:35:40

Health: 0/45       AC:  1    Str:  8    XL:     7   Next: 43%
Magic:  13/13      EV:  2    Int: 17    God:
Gold:   252        SH:  0    Dex: 14    Spells: 2 memorised, 11 levels left

rFire  . . .     SeeInvis .     D - +7 falchion of Shame {freeze, +Blink +Inv MR-}
rCold  + . .     Gourm    .     (no shield)
rNeg   . . .     Faith    .     (helmet restricted)
rPois  .         Spirit   .     (no amulet)
rElec  .         Dismiss  .     w - ring of teleportation (curse)
rCorr  .         Reflect  .     x - ring of protection from cold
SustAt .         Harm     .     (no ring)
MR     .....     Rnd*Tele +     (no ring)
Stlth  ++++......               (no ring)
                                (no ring)
                                (no ring)
                                (no ring)

@: paralysed, not resistant to hostile enchantments, stealthy
A: almost no armour, amphibious, 8 rings, constrict 8, camouflage 1, gelatinous
body 1
a: Evoke Blink, Evoke Invisibility, Evoke Teleportation


You were on level 4 of the Dungeon.
You were very hungry.

You visited 1 branch of the dungeon, and saw 4 of its levels.

You collected 252 gold pieces.

Inventory:

Hand Weapons
 r - a +5 club
 D - the +7 falchion of Shame (weapon) {freeze, +Blink +Inv MR-}
   (You found it on level 4 of the Dungeon)

   It has been specially enchanted to freeze those struck by it, causing extra
   injury to most foes and up to half again as much damage against particularly
   susceptible opponents.
   It can also slow down cold-blooded creatures.
   It affects your resistance to hostile enchantments.
   It lets you turn invisible.
   It lets you blink.
Missiles
 c - 271 stones (quivered)
 e - 8 tomahawks
 h - 62 poisoned needles
 u - 2 curare-tipped needles
Armour
 t - a cursed +0 buckler
Jewellery
 w - a cursed ring of teleportation (left tentacle)
 x - a ring of protection from cold (right tentacle)
Wands
 g - a wand of paralysis (13/24)
 A - a wand of frost (22/48)
 B - a wand of magic darts (25/48)
Scrolls
 q - 3 scrolls of enchant weapon
 v - 2 scrolls of identify {unknown}
 y - a scroll of remove curse {unknown}
Potions
 d - a potion of curing {unknown}
 f - a potion of haste {unknown}
 i - 4 potions of degeneration {unknown}
 j - a potion of lignification {unknown}
 k - a potion of ambrosia {unknown}
 m - a potion of cure mutation {unknown}
 n - a potion of magic {unknown}
 o - 2 potions of beneficial mutation {unknown}
 p - a potion of agility {unknown}
 z - a potion of might {unknown}
Books
 a - a book of Conjurations

   Spells                             Type                      Level
   a - Magic Dart                     Conjuration                  1
   b - Searing Ray                    Conjuration                  2
   c - Dazzling Spray                 Conjuration/Hexes            3
   d - Fulminant Prism                Conjuration/Hexes            4
   e - Iskenderun's Mystic Blast      Conjuration                  4
   f - Iskenderun's Battlesphere      Conjuration/Charms           5
Comestibles
 b - 5 bread rations
 l - 2 meat rations
 s - a beef jerky
 C - a royal jelly


   Skills:
 + Level 2.1 Fighting
 + Level 4.2 Dodging
 + Level 3.7 Stealth
 + Level 4.3 Spellcasting
 + Level 5.7 Conjurations


You had 11 spell levels left.
You knew the following spells:

 Your Spells              Type           Power        Failure   Level  Hunger
a - Magic Dart            Conj           ###.         1%          1    None
b - Searing Ray           Conj           ###...       2%          2    ##.....


Dungeon Overview and Level Annotations

Branches:
Dungeon (4/15)
 Temple: D:4-7

Altars:
Fedhas
Kikubaaqudgha
Makhleb
Trog

Annotations:
D:2 2 exclusions, Sigmund
D:4 Grinder


Innate Abilities, Weirdness & Mutations

You cannot wear most types of armour.
You are amphibious.
You can wear up to eight rings at the same time.
You can use your tentacles to constrict eight enemies at once.
Your skin changes colour to match your surroundings (Stealth).
Your rubbery body absorbs attacks (AC +1).


Message History

Grinder gestures.
Grinder struggles to blink free from constriction.
You hit Grinder.
Grinder is severely wounded.
You constrict Grinder.
Grinder drinks a potion.
Grinder is healed!
Grinder hits you!
You hit Grinder.
Grinder is lightly wounded.
You constrict Grinder. Grinder hits you.
You writhe in agony.
You hit Grinder.
Grinder is moderately wounded.
You constrict Grinder. Grinder gestures at you.
You suddenly lose the ability to move!
You lose your grip on Grinder.
Grinder hits you!
* * * LOW HITPOINT WARNING * * *
You writhe in agony.
* * * LOW HITPOINT WARNING * * *
Grinder hits you.
You die...

######## #.5....#
#.#@##.#
#....#.#############
#........<.#........
##....#.###.#.#######
#.......# #.#.#
#.##.##.# #.#.#
#.##.##.# #...#
#.##.##.# ######
#.##.##.# ##...##


You could see Grinder.

Vanquished Creatures
  Menkaure (D:4)
  A scorpion (D:4)
  The ghost of Alethiolet the Skirmisher, a weakling DsWn (D:3)
  A vampire bat (D:2)
  Crazy Yiuf (D:2)
  An orc priest (D:4)
  Jessica (D:3)
  Ijyb (D:3)
  A worker ant (D:4)
  Natasha (thrice) (D:4)
  An orc wizard (D:4)
  4 adders
  3 gnolls
  An ooze (D:4)
  4 worms
  9 orcs
  4 bat skeletons (D:2)
  2 bat zombies (D:2)
  4 giant cockroaches
  9 hobgoblins
  5 jackals
  4 ball pythons
  8 bats
  A giant newt (D:3)
  7 goblins
  6 kobolds
  10 rats
94 creatures vanquished.

Vanquished Creatures (others)
  A goblin (D:1)
  A rat (D:1)
2 creatures vanquished.

Grand Total: 96 creatures vanquished

Notes
Turn   | Place    | Note
--------------------------------------------------------------
     0 | D:1      | root the Octopode Conjurer began the quest for the Orb.
     0 | D:1      | Reached XP level 1. HP: 11/11 MP: 3/3
   777 | D:1      | Reached XP level 2. HP: 17/17 MP: 3/5
  1089 | D:2      | Noticed Sigmund
  1226 | D:1      | Learned a level 2 spell: Searing Ray
  1317 | D:1      | Reached XP level 3. HP: 21/21 MP: 0/6
  1856 | D:2      | Found a bloodstained altar of Trog.
  2008 | D:2      | Found an ancient bone altar of Kikubaaqudgha.
  2016 | D:2      | Reached XP level 4. HP: 20/27 MP: 3/7
  2473 | D:2      | Noticed Crazy Yiuf
  2483 | D:2      | Killed Crazy Yiuf
  2483 | D:2      | Reached XP level 5. HP: 5/32 MP: 0/9
  2801 | D:3      | Reached skill level 1 in Fighting
  2967 | D:3      | Reached skill level 5 in Conjurations
  3154 | D:3      | Noticed Alethiolet's ghost (weakling DsWn)
  3300 | D:3      | Noticed Ijyb
  3480 | D:3      | Killed Ijyb
  4064 | D:3      | Found a burning altar of Makhleb.
  4086 | D:3      | Found a blossoming altar of Fedhas.
  4101 | D:3      | Noticed Jessica
  4111 | D:3      | Killed Jessica
  4111 | D:3      | Reached XP level 6. HP: 25/38 MP: 5/10
  4270 | D:3      | Killed Alethiolet's ghost
  4701 | D:4      | Noticed Natasha
  4707 | D:4      | Killed Natasha
  4762 | D:4      | Noticed Menkaure
  4767 | D:4      | Killed Menkaure
  4767 | D:4      | Reached XP level 7. HP: 38/45 MP: 4/13
  4849 | D:4      | Noticed Natasha
  4853 | D:4      | Killed Natasha
  5167 | D:4      | Noticed Grinder
  5256 | D:4      | Noticed Natasha
  5257 | D:4      | Killed Natasha
  5424 | D:4      | Got a polished falchion
  5425 | D:4      | Identified the +7 falchion of Shame {freeze, +Blink +Inv MR-} (You found it on level 4 of the Dungeon)
  5521 | D:4      | Paralysed by Grinder for 3 turns
  5523 | D:4      | Slain by Grinder

Vault maps used:
D:1:      lemuel_arrival_cross, minmay_misc_feat_chi, lemuel_flame_loot_1
D:2:      bloody_trog, kennysheep_vampire_church, uniq_sigmund,
          uniq_crazy_yiuf_cottage
D:3:      fedhas_altar_3, makhleb_altar_promises_db, uniq_jessica, uniq_iyjb
D:4:      first_bread, uniq_grinder, uniq_natasha, uniq_menkaure

Action                   |  1- 3 |  4- 6 |  7- 9 || total
-------------------------+-------+-------+-------++-------
Melee: Unarmed           |    13 |    42 |       ||    55
       Club              |       |     1 |       ||     1
       Falchion          |       |       |     5 ||     5
 Cast: Magic Dart        |    44 |    66 |    11 ||   121
       Searing Ray       |     8 |    23 |     7 ||    38
  Use: Scroll            |       |     5 |       ||     5
 Stab: Sleeping          |       |     2 |       ||     2
  Eat: Chunk             |     4 |    10 |     1 ||    15
